 Dungeon Crawl Stone Soup version 0.28-a0-407-g69098e2f6d (webtiles) character file.

Game seed: 9571126640276610527

51 Sabo the Shield-Bearer (level 4, -1/35 HPs)
             Began as a Formicid Fighter on Sept 5, 2021.
             Was a Follower of Nemelex Xobeh.
             Slain by a goblin (3 damage)
             ... led by Robin
             ... on level 2 of the Dungeon.
             The game lasted 00:09:38 (1682 turns).

Sabo the Shield-Bearer (Formicid Fighter)           Turns: 1682, Time: 00:09:38

Health: -1/35      AC:  7    Str: 22    XL:     4   Next: 7%
Magic:  4/4        EV: 10    Int:  7    God:    Nemelex Xobeh [*.....]
Gold:   72         SH:  4    Dex: 10    Spells: 3/3 levels left

rFire   . . .      SeeInvis +   a - +0 war axe
rCold   . . .      Faith    .   c - +0 buckler
rNeg    . . .      Spirit   .   b - +0 scale mail
rPois   .          Reflect  .   (helmet unavailable)
rElec   .          Harm     .   (no cloak)
rCorr   .          Rampage  .   (no gloves)
Will    .....                   (no boots)
Stlth   ..........              (no amulet)
HPRegen 0.11/turn               (no ring)
MPRegen 0.09/turn               (no ring)

@: no status effects
A: permanent stasis, dig shafts and tunnels, antennae 3, four strong arms
a: Dig, Shaft Self, Renounce Religion, Draw Escape, Draw Destruction, Draw
Summoning


You were on level 2 of the Dungeon.
You worshipped Nemelex Xobeh.
Nemelex Xobeh was aware of your devotion.
You visited 1 branch of the dungeon, and saw 2 of its levels.

You collected 72 gold pieces.

Inventory:

Hand Weapons
 a - a +0 war axe (weapon)
Missiles
 g - 16 arrows
 l - 6 javelins
Armour
 b - a +0 scale mail (worn)
 c - a +0 buckler (worn)
Scrolls
 e - 2 scrolls of fear
 f - a scroll of identify {unknown}
 j - a scroll of torment {unknown}
Potions
 d - a potion of might
 h - a potion of brilliance {unknown}
 i - 2 potions of lignification {unknown}
 k - a potion of curing {unknown}
 m - a potion of attraction {unknown}


   Skills:
 + Level 3.5 Fighting
 + Level 2.6 Axes
 + Level 3.8 Armour
 + Level 1.0 Dodging
 + Level 4.0 Shields


You had 3 spell levels left.
You didn't know any spells.
Your spell library contained the following spells:

 Spells                   Type           Power      Damage    Failure   Level
 Slow                     Hex            0%         N/A       87%         2
 Confusing Touch          Hex            0%         N/A       98%         3
 Dazzling Flash           Conj/Hex       0%         N/A       98%         3
 Vampiric Draining        Necr           0%         2d6       98%         3
 Agony                    Necr           0%         N/A       100%        5
 Silence                  Hex/Air        0%         N/A       100%        5


Dungeon Overview and Level Annotations

Branches:
Dungeon (2/15)

Altars:
Nemelex Xobeh

Shops:
D:1 =*

Annotations:
D:2 Robin


Innate Abilities, Weirdness & Mutations

You cannot be hasted, slowed, berserked, paralysed or teleported.
You can dig through walls and to a lower floor.
You have a pair of large antennae on your head. (SInv)
Your four strong arms can wield two-handed weapons with a shield.


Message History

You kill the hobgoblin!
You hit the goblin but do no damage. The goblin hits you but does no damage.
The goblin hits you with a +0 club. Robin closely misses you.
You hit the goblin.
You kill the goblin!
You hit Robin but do no damage.
Your scale mail prevents you from hitting the goblin.
You block the goblin's attack. Robin closely misses you.
You have reached level 4!
You feel stronger.
You closely miss Robin. You closely miss the hobgoblin.
You completely miss the goblin. The goblin barely misses you.
The hobgoblin hits you but does no damage.
Robin hits you but does no damage. The hobgoblin hits you.
* * * LOW HITPOINT WARNING * * *
The goblin hits you but does no damage.
You slash Robin!
Robin is almost dead.
You hit the goblin.
You kill the goblin!
You barely miss the hobgoblin.
You hear a shout!
Robin roars a battlecry!
The hobgoblin hits you.
* * * LOW HITPOINT WARNING * * *
A goblin comes into view. It is wielding a +0 dagger.
Robin hits you with a +0 whip of holy wrath.
* * * LOW HITPOINT WARNING * * *
You hear a shout!
Your Shields skill increases to level 4!
You hit Robin.
Robin is almost dead.
You hit the hobgoblin.
You kill the hobgoblin!
Robin throws the goblin at you!
You barely miss Robin.
Robin is almost dead.
You barely miss the goblin. The goblin hits you with a +0 dagger.
You die...
Your body disappears without a glow.

###.###### ###....).#
.........# {
###......###..#
#............ ## ##.
###............ .##....
.............####......
####.......#.###)g.#
.######....#.#).@#
....# #........g♣♣
###.###........♣.♣
##........♣♣♣♣#♣.♣♣
#...##..♣♣...♣ ♣.♣♣
..#......♣♣♣.♣♣♣♣..♣
.##....##..♣♣.....8♣
....#.♣♣♣♣.♣♣♣.⌠.._♣
..#.#♣...♣♣♣......8♣


You could see Robin and a goblin (strong).

Vanquished Creatures
  2 adders (D:2)
  2 endoplasms
  2 giant cockroaches (D:2)
  7 goblins
  6 hobgoblins
  A quokka (D:1)
  3 bats
  A frilled lizard (D:2)
  4 kobolds
  2 rats (D:2)
30 creatures vanquished.

Notes
Turn   | Place    | Note
-------+----------+-------------------------------------------
     0 | D:1      | Sabo the Formicid Fighter began the quest for the Orb.
     0 | D:1      | Reached XP level 1. HP: 18/18 MP: 1/1
   504 | D:1      | Reached XP level 2. HP: 24/24 MP: 2/2
   719 | D:1      | Found Fitafuppyxt's Jewellery Emporium.
   778 | D:1      | Found Amiref's Assorted Antiques.
  1030 | D:2      | Found a faded altar of an unknown god.
  1075 | D:2      | Became a worshipper of Nemelex Xobeh the Trickster
  1075 | D:2      | Reached * piety under Nemelex Xobeh
  1075 | D:2      | Received a gift from Nemelex Xobeh
  1169 | D:2      | Reached XP level 3. HP: 17/29 MP: 3/3
  1669 | D:2      | Noticed Robin
  1672 | D:2      | Reached skill level 1 in Dodging
  1679 | D:2      | Reached XP level 4. HP: 11/35 MP: 4/4
  1681 | D:2      | Reached skill level 4 in Shields
  1682 | D:2      | Slain by a goblin

Illustrated notes

Levels and vault maps discovered:
D:1:      kilobyte_arrival_exit_the_forest, layout_basic, serial_shops, shop,
          shop
D:2:      layout_rooms, shapermc_ecumenical_altar_totnotflames, dk_vineyard_3,
          minmay_misc_feat_room, skrybe_limestone_x, uniq_robin

Skill      XL: |  1  2  3  4 |
---------------+-------------+-----
Dodging        | 1 |  1.0
Shields        | 4 |  4.0
Fighting       | |  3.5
Axes           | |  2.6
Armour         | |  3.8

Action                   |  1- 3 |  4- 6 || total
-------------------------+-------+-------++-------
Melee: War axe           |    88 |     4 ||    92
 Abil: Dig               |    12 |       ||    12
  Use: Scroll            |     1 |       ||     1
Armor: Scale mail        |    41 |     4 ||    45
Dodge: Dodged            |    48 |     1 ||    49
Block: Buckler           |    30 |       ||    30

Table legend: (Time is in decaauts)
 A = Elapsed time spent in this place.
 B = Non-inter-level travel time spent in this place.
 C = Inter-level travel time spent in this place.
 D = Time resting spent in this place.
 E = Time spent auto-exploring this place.
 F = Levels seen in this place.
 G = Mean time per level.
                   A        B        C        D        E       F      G
               +--------+--------+--------+--------+--------+-----+--------+
         Total |   1725 |   1725 |      0 |    434 |      0 |   2 |  862.5 |
       Dungeon |   1725 |   1725 |      0 |    434 |      0 |   2 |  862.5 |
               +--------+--------+--------+--------+--------+-----+--------+

Top non-repeatable levels by time:
     D:1: 1048 daAuts
     D:2: 677 daAuts
